cohdb
Replays
Latest Replays
All Replays
Popular Replays
Top Player Replays
Match Explorer
How It Works
Community
CoH3 Stats
Reddit
Sign in to upload your games and track your stats! →
Sign in with Steam
Match 39241161
Unlisted
Match 39241161
Overview
Messages
Build Orders
End
Construct Section Command Post
Selects Australian Defense Battlegroup
Selects Australian Light Infantry Section
Selects Australian Light Infantry Section
Australian Light Infantry Section
Infantry Section
Australian Light Infantry Section
Royal Engineer Section
Construct Platoon Command Post
CMP 15cwt Truck
Selects 2-pounder Anti-tank Gun Team
Unlock M3 Stuart Light Tanks
2-pounder Anti-tank Gun Team
M3 Stuart Light Tank
Honey
khj
DAMOSQUITO
Jinggu
173687052
gimoshau
Consumption
Prop
0
0
Comments
sign in to comment!
No comments posted yet!